 Dungeon Crawl Stone Soup version 0.23.0 (webtiles) character file.

Game seed: 12028424698975517264

455 Murks the Cudgeler (level 7, -1/65 HPs)
             Began as an Ogre Ice Elementalist on Feb 17, 2019.
             Killed by divine providence
             ... invoked by an orc priest
              (16 damage)
             ... on level 4 of the Dungeon.
             The game lasted 00:15:55 (5026 turns).

Murks the Cudgeler (Ogre Ice Elementalist)          Turns: 5026, Time: 00:15:56

Health: -1/65      AC:  3    Str: 15    XL:     7   Next: 5%
Magic:  11/11      EV: 10    Int: 16    God:
Gold:   165        SH:  0    Dex:  9    Spells: 6/12 levels left

rFire    . . .     SeeInvis .   j - +2 flail (holy)
rCold    . . .     Gourm    .   (no shield)
rNeg     . . .     Faith    .   a - +0 robe
rPois    .         Spirit   .   (helmet restricted)
rElec    .         Reflect  .   (no cloak)
rCorr    .         Harm     .   (gloves unavailable)
MR       .....                  (boots unavailable)
Stlth    +.........             (no amulet)
HPRegen  0.20/turn              (no ring)
MPRegen  0.12/turn              (no ring)

@: no status effects
A: large, unfitting armour, tough skin 1
a: no special abilities


You were on level 4 of the Dungeon.
You were not hungry.

You visited 1 branch of the dungeon, and saw 4 of its levels.

You collected 165 gold pieces.

Inventory:

Hand Weapons
 j - a +2 flail of holy wrath (weapon)
Missiles
 d - 57 stones (quivered)
Armour
 a - a +0 robe (worn)
Wands
 h - a wand of random effects (6)
 i - a wand of flame (1)
Scrolls
 f - 2 scrolls of identify {unknown}
 g - 2 scrolls of teleportation {unknown}
 l - a scroll of magic mapping {unknown}
Potions
 b - a potion of heal wounds
 e - a potion of degeneration {unknown}
 m - a potion of might {unknown}
Comestibles
 c - 4 rations


   Skills:
 - Level 2.0 Fighting
 * Level 4.7 Maces & Flails
 - Level 1.7 Dodging
 - Level 1.4 Stealth
 - Level 3.0 Spellcasting
   Level 0.8 Conjurations
 + Level 3.0 Charms
 - Level 3.0 Ice Magic


You had 6 spell levels left.
You knew the following spells:

 Your Spells              Type           Power        Failure   Level  Hunger
a - Freeze                Ice            ##..         5%          1    #......
b - Ozocubu's Armour      Chrm/Ice       ##......     16%         3    ###....
c - Sticks to Snakes      Tmut           #.......     28%         2    ##.....

Your spell library contained the following spells:

 Spells                   Type           Power        Failure   Level  Hunger
 Throw Frost              Conj/Ice       #.....       13%         2    ##.....
 Beastly Appendage        Tmut           #.....       19%         1    #......
 Spider Form              Tmut/Pois      #.........   50%         3    ###....
 Throw Icicle             Conj/Ice       #.......     63%         4    #####..
 Ice Form                 Ice/Tmut       #.......     69%         4    #####..
 Summon Ice Beast         Ice/Summ       #.......     69%         4    #####..
 Blade Hands              Tmut           #.........   99%         5    ######.


Dungeon Overview and Level Annotations

Branches:
Dungeon (4/15)
 Temple: D:4-7

Altars:
Fedhas
Hepliaklqana

Annotations:
D:3 exclusion: oklob plant


Innate Abilities, Weirdness & Mutations

You are too large for most types of armour.
You have tough skin. (AC +1)


Message History

The orc wizard casts a spell at you. The magic dart hits you.
Throwing (i - inventory)
d - 58 stones (quivered)
Press: ? - help, Shift-Dir - straight line, f/p - orc wizard
Aim: an orc wizard, wielding a +0 dagger, wearing a +0 robe and wearing an uncursed amulet of guardian spirit You throw a stone.
The stone closely misses the orc wizard.
An orc comes into view. It is wielding a staff of fire.
The orc wizard mumbles some strange words.
The orc wizard blinks!
Your icy armour cracks and falls away as you move.
You feel sick.
You are no longer poisoned.
The orc priest invokes the aid of Beogh against you.
Beogh smites you!
* * * LOW HITPOINT WARNING * * *
You see here a worker ant corpse.
The orc priest mumbles some strange prayers to Beogh against you.
Beogh smites you!
You die...

...#......##.....#
...#..#######....#
##.....######..o##
#......).).....##
##........o.....#
#.......o......###
#......(.........#
#.#...........†..#
...####........@.##
#...# #....#......#
.....#.....##....##
.........####.....#
.. ......# #......#
.......# #....(##
..#............#
.....##......#
...#..#..


You could see an orc priest, an orc wizard and an orc.

Vanquished Creatures
  A water moccasin (D:3)
  A scorpion (D:4)
  2 orc priests
  A bullfrog skeleton (D:3)
  2 worker ants (D:4)
  Jessica (D:2)
  Terence (D:2)
  3 adders
  2 oozes
  A dart slug (D:1)
  A leopard gecko (D:2)
  13 orcs
  2 ball pythons
  4 bats
  5 giant cockroaches
  3 goblins
  6 hobgoblins
  9 kobolds
  2 quokkas (D:2)
  5 frilled lizards
  A jackal skeleton (D:4)
  6 rats
  2 plants (D:1)
74 creatures vanquished.

Notes
Turn   | Place    | Note
-------+----------+-------------------------------------------
     0 | D:1      | Murks the Ogre Ice Elementalist began the quest for the
                  | Orb.
     0 | D:1      | Reached XP level 1. HP: 16/16 MP: 3/3
    89 | D:1      | Reached skill level 1 in Fighting
   168 | D:1      | Reached XP level 2. HP: 27/27 MP: 3/5
  1473 | D:2      | Reached XP level 3. HP: 28/35 MP: 5/7
  1739 | D:2      | Reached skill level 1 in Maces & Flails
  1848 | D:2      | Learned a level 3 spell: Ozocubu's Armour
  1935 | D:2      | Noticed Jessica
  1939 | D:2      | Noticed Terence
  1964 | D:2      | Killed Terence
  1964 | D:2      | Reached XP level 4. HP: 35/42 MP: 2/8
  2211 | D:2      | Killed Jessica
  2211 | D:2      | Reached skill level 2 in Maces & Flails
  2211 | D:2      | Reached skill level 1 in Charms
  2323 | D:2      | Found a hazy altar of Hepliaklqana.
  2678 | D:3      | Noticed a water moccasin
  2699 | D:3      | Killed a water moccasin
  2699 | D:3      | Reached skill level 3 in Maces & Flails
  2699 | D:3      | Reached XP level 5. HP: 33/49 MP: 0/9
  3044 | D:3      | Reached XP level 6. HP: 44/57 MP: 8/10
  3439 | D:3      | Reached skill level 4 in Maces & Flails
  3558 | D:3      | Learned a level 2 spell: Sticks to Snakes
  3621 | D:3      | Found a blossoming altar of Fedhas.
  3632 | D:3      | Noticed an oklob plant
  4947 | D:4      | Reached XP level 7. HP: 65/65 MP: 11/11
  5026 | D:4      | Killed from afar by an orc priest

Skill      XL: |  1  2  3  4  5  6  7 |
---------------+----------------------+-----
Fighting       | 1 2 |  2.0
Ice Magic      | 3 |  3.0
Maces & Flails | 1 3 4 |  4.7
Spellcasting   | 3 |  3.0
Charms         | 2 3 |  3.0
Dodging        | |  1.7
Stealth        | |  1.4
Conjurations   | |  0.8

Action                   |  1- 3 |  4- 6 |  7- 9 || total
-------------------------+-------+-------+-------++-------
Melee: Unarmed           |     6 |       |       ||     6
       Mace              |    98 |     5 |       ||   103
       Flail             |       |    61 |    16 ||    77
Throw: Stone             |    41 |    46 |     7 ||    94
 Cast: Freeze            |    44 |    54 |       ||    98
       Ozocubu's Armour  |       |     1 |     1 ||     2
Evoke: Wand              |       |     8 |       ||     8
  Use: Potion            |       |     2 |       ||     2
 Stab: Distracted        |       |     1 |       ||     1
       Sleeping          |       |     1 |       ||     1
  Eat: Chunk             |     4 |     6 |       ||    10
       Ration            |       |     1 |       ||     1
Armor: Robe              |     9 |    14 |    10 ||    33
Dodge: Dodged            |    18 |    59 |     8 ||    85
